AoeStats
← Kez

Lombardia

509658675Analyzed
3v3 RM · 4d ago on Sep 27, 2026· 19m 59s· 6 players
Game mode
Random Map
Map size
Normal (6 player)
Population
200
Speed
Normal
Resources
Standard
Victory
Conquest
Starting age
Dark Age
Ending age
Imperial Age
RankedLock teamsTeams togetherTeam positionsShared explorationLock speedFull tech treeHidden civsTurbo modeCheats
Victory
Defeat
🇬🇧 Hindustanis · United Kingdom
1276
+12
🇬🇧 Saxons · United Kingdom
1215
+15
🇺🇸 Varangians · United States
1197
+15
🇳🇱 Spanish · Netherlands
1222
-16
🇹🇼 Gurjaras · Taiwan
1173
-13
🇬🇧 Huns · United Kingdom
1161
-13
軍 團 兵 2 號
3:28 Loom
10:46 Feudal Age
11:42 Double-Bit Axe
11:43 Horse Collar
14:39 Wheelbarrow
18:20 Castle Age
19:47 Heavy Plow
Kez
8:37 Loom
10:35 Feudal Age
15:39 Castle Age
14:13 Double-Bit Axe
14:53 Stone Mining
18:00 Fletching
SimoniacTrout72
4:04 Loom
10:04 Feudal Age
Bostonstrain
9:00 Loom
11:29 Feudal Age
16:07 Castle Age
14:58 Double-Bit Axe
18:40 Wheelbarrow
D0cTOrSniper
8:07 Loom
10:30 Feudal Age
16:07 Castle Age
14:56 Double-Bit Axe
16:36 Fletching
17:14 Bodkin Arrow
19:34 Gold Mining
20:37 Padded Archer Armor
Calum1Ltv
5:56 Loom
8:28 Feudal Age
11:07 Double-Bit Axe
13:44 Horse Collar
15:11 Wheelbarrow
16:34 Forging
20:55 Castle Age
20:10 Forging
Connection lost

Rejoining the realm…

Still unreachable

The connection could not be restored.

Session expired

The server has moved on; the page needs a fresh start.